 Dungeon Crawl Stone Soup version 0.17.2-1-ge4368a0 (webtiles) character file.

613 magog001 the Skirmisher (level 7, 0/56 HPs)
             Began as a Formicid Abyssal Knight on Nov 1, 2016.
             Was a Priest of Lugonu.
             Slain by a giant frog (1 damage)
             ... on level 3 of the Dungeon.
             The game lasted 00:29:06 (5476 turns).

magog001 the Skirmisher (Formicid Abyssal Knight)   Turns: 5476, Time: 00:29:07

Health: 0/56       AC: 11    Str: 19    XL:     7   Next: 73%
Magic:  9/9        EV: 10    Int: 11    God:    Lugonu [***...]
Gold:   122        SH:  0    Dex: 10    Spells: 0 memorised, 6 levels left

rFire  . . .     SeeInvis +     a - +1 falchion
rCold  . . .     Clarity  .     h - +1 scale mail
rNeg   . . .     SustAt   .     (no shield)
rPois  .         Gourm    .     (helmet unavailable)
rElec  .         Spirit   .     (no cloak)
rCorr  .         Warding  .     (no gloves)
rMut   .         Stasis   +     (no boots)
MR     .....                    (no amulet)
Stlth  ..........               (no ring)
                                A - +3 ring of protection

@: very slightly contaminated, not resistant to hostile enchantments, extremely
unstealthy
A: permanent stasis, dig shafts and tunnels, four strong arms, antennae 3
a: Dig, Shaft Self, Depart the Abyss, Bend Space, Banish, Renounce Religion


You were on level 3 of the Dungeon.
You worshipped Lugonu.
Lugonu was most pleased with you.
You were not hungry.

You visited 1 branch of the dungeon, and saw 4 of its levels.
You visited the Abyss 1 time.

You collected 122 gold pieces.

Inventory:

Hand Weapons
 a - a +1 falchion (weapon)
 y - a +1 dagger of venom
 G - a +0 blowgun
Missiles
 k - 180 stones (quivered)
 m - 10 tomahawks
 v - 30 poisoned needles
Armour
 h - a +1 scale mail (worn)
Jewellery
 A - a +3 ring of protection (left hand)
Wands
 C - a wand of polymorph (16)
Scrolls
 l - 2 scrolls of remove curse
Potions
 j - a potion of heal wounds {unknown}
 o - a potion of resistance {unknown}
 z - a potion of degeneration {unknown}
Comestibles
 c - 4 bread rations
 p - a beef jerky
 r - a meat ration
 F - a royal jelly


   Skills:
 + Level 5.4 Fighting
 + Level 0.8(2.2) Short Blades
 + Level 3.3 Long Blades
 + Level 1.1 Throwing
 + Level 4.9 Armour
 + Level 3.1 Dodging
 + Level 3.2 Invocations


You had 6 spell levels left.
You didn't know any spells.

Dungeon Overview and Level Annotations

Branches:
Dungeon (4/15)
 Temple: D:4-7

Altars:
Okawaru
Yredelemnul


Innate Abilities, Weirdness & Mutations

You are under a permanent stasis effect.
You can dig through walls and to a lower floor.
Your four strong arms can wield two-handed weapons with a shield.
You have a pair of large antennae on your head (SInv).


Message History

The giant frog hits you.
* * * LOW HITPOINT WARNING * * *
The giant frog hits you.
* * * LOW HITPOINT WARNING * * *
The giant frog hits you but does no damage.
The giant frog barely misses you. The giant frog misses you.
You flicker for a moment.
The giant frog misses you.
You are feeling very hungry.
The giant frog closely misses you.
The giant frog hits you but does no damage.
You flicker back into view.
Eat which item? (? for menu, Esc to quit)
The giant frog hits you.
* * * LOW HITPOINT WARNING * * *
The giant frog barely misses you.
You continue eating.
The giant frog hits you.
You die...

###...#.# #.# #####.#
#.# #...#.# #.# #..รท..#
#.# #.###.# #.# #.#####
#.# #.# #.# #.# #.# #.#
#.# #.# #.# #.# #.## #.#
#.#### #.# #.# #..% #.#
#....# #.# #.# #..# #.#
####.###.#####.# #..#
#.# #....F@.....# #.<#
#.# #####.####### #..#
#.# #.# #..# #.# #.#
#..# #.# #.# #..# #.#
#># ###... #.#
#.############...## #.#
#######................#
#.#
#..........#########...#


You could see a giant frog.

Vanquished Creatures
  Sigmund (D:3)
  The ghost of Goblin1989 the Cudgeler, an amateur DsWn (D:4)
  An orc priest (D:3)
  2 hounds (D:2)
  A worker ant (D:4)
  3 gnolls
  6 adders
  An ooze (D:3)
  4 worms
  10 orcs (D:3)
  2 ball pythons
  10 bats
  6 giant cockroaches
  11 goblins
  14 hobgoblins
  6 jackals (D:3)
  12 kobolds
  2 quokkas (D:2)
  6 giant geckos
  5 giant newts
  4 rats
108 creatures vanquished.

Vanquished Creatures (others)
  A bat (D:3)
1 creature vanquished.

Grand Total: 109 creatures vanquished

Notes
Turn   | Place    | Note
--------------------------------------------------------------
     0 | Abyss:1  | magog001 the Formicid Abyssal Knight began the quest for the Orb.
     0 | Abyss:1  | Reached XP level 1. HP: 18/18 MP: 2/2
   162 | Abyss:1  | Noticed a worldbinder
   164 | Abyss:1  | Noticed an orc priest
   164 | Abyss:1  | Noticed an orc priest
   164 | D:1      | Escaped the Abyss
   235 | D:1      | You fall through a shaft!
   269 | D:1      | Reached XP level 2. HP: 24/24 MP: 3/3
   334 | D:1      | Reached * piety under Lugonu
   351 | D:1      | Reached skill level 1 in Dodging
   874 | D:1      | Reached XP level 3. HP: 27/29 MP: 5/5
  1643 | D:2      | Reached XP level 4. HP: 32/37 MP: 6/6
  2095 | D:2      | Noticed a hound
  2096 | D:2      | Noticed a hound
  2103 | D:2      | Killed a hound
  2103 | D:2      | Reached skill level 4 in Fighting
  2114 | D:2      | Killed a hound
  2114 | D:2      | Reached XP level 5. HP: 32/42 MP: 7/7
  2278 | D:2      | Reached ** piety under Lugonu
  2324 | D:2      | Found a basalt altar of Yredelemnul.
  3254 | D:3      | Noticed Sigmund
  3851 | D:3      | Reached XP level 6. HP: 49/49 MP: 8/8
  4282 | D:3      | Killed Sigmund
  4335 | D:3      | Reached XP level 7. HP: 52/55 MP: 9/9
  4702 | D:3      | Reached *** piety under Lugonu
  4745 | D:3      | Reached skill level 5 in Fighting
  4884 | D:3      | Found an iron altar of Okawaru.
  5218 | D:4      | Noticed Goblin1989's ghost (amateur DsWn)
  5249 | D:4      | Killed Goblin1989's ghost
  5249 | D:4      | Reached skill level 1 in Throwing
  5475 | D:3      | HP: 1/56 [giant frog (6)]
  5476 | D:3      | Slain by a giant frog

Action                   |  1- 3 |  4- 6 |  7- 9 || total
-------------------------+-------+-------+-------++-------
Melee: Falchion          |   121 |   168 |    36 ||   325
       Dagger            |       |    56 |    62 ||   118
 Fire: Blowgun           |       |       |    19 ||    19
Throw: Stone             |       |       |     5 ||     5
Invok: Depart the Abyss  |     1 |       |       ||     1
 Abil: Dig               |     2 |     5 |     4 ||    11
Evoke: Wand              |       |       |     1 ||     1
  Use: Scroll            |     4 |       |     8 ||    12
       Potion            |       |       |     5 ||     5
  Eat: Chunk             |     2 |     3 |     3 ||     8
       Bread ration      |     1 |     1 |     1 ||     3
       Fruit             |       |       |     1 ||     1
